AoeStats
← [Massa] Edo

Arena

509801031Analyzed
2v2 RM · 3d ago on Sep 28, 2026· 32m 25s· 4 players
Game mode
Random Map
Map size
Medium (4 player)
Population
200
Speed
Normal
Resources
Standard
Victory
Conquest
Starting age
Dark Age
Ending age
Imperial Age
RankedLock teamsTeams togetherTeam positionsShared explorationLock speedFull tech treeHidden civsTurbo modeCheats
Victory
Defeat
1526
+11
🇸🇪 Aztecs · Sweden
1437
+14
🇧🇷 Mongols · Brazil
1426
-13
🇧🇷 Goths · Brazil
1400
-12
TheSonder
9:44 Feudal Age
8:09 Loom
13:16 Castle Age
13:10 Double-Bit Axe
14:11 Horse Collar
20:20 Sanctity
20:42 Fervor
21:38 Bow Saw
24:10 Redemption
24:32 Devotion
24:34 Herbal Medicine
28:34 Imperial Age
26:38 Heavy Plow
28:46 Atonement
29:32 Block Printing
30:12 Illumination
30:24 Theocracy
31:01 Eagle Warrior
31:42 Scale Mail Armor
31:15 Capped Ram
Kbro de Dia- K1 de noche
10:54 Feudal Age
12:01 Loom
14:46 Castle Age
17:57 Fletching
20:25 Double-Bit Axe
23:34 Bodkin Arrow
26:36 Town Watch
32:13 Imperial Age
[Massa] Edo
9:12 Feudal Age
13:14 Castle Age
11:42 Double-Bit Axe
11:52 Horse Collar
15:14 Bow Saw
15:33 Loom
25:00 Fletching
25:47 Devotion
27:04 Wheelbarrow
27:14 Bodkin Arrow
28:46 Ballistics
30:16 Padded Archer Armor
34:23 Imperial Age
tg
6:39 Loom
8:51 Feudal Age
11:01 Horse Collar
11:07 Double-Bit Axe
12:34 Fletching
16:48 Wheelbarrow
22:41 Castle Age
23:43 Bow Saw
24:21 Bodkin Arrow
33:06 Hand Cart
Connection lost

Rejoining the realm…

Still unreachable

The connection could not be restored.

Session expired

The server has moved on; the page needs a fresh start.